Map: Rhoskallian LE

Players

Alec

  • Race: Protoss Protoss
  • League: Platinum
  • Spawn Location: 6:00

Sonozaki

  • Race: Terran Terran
  • Spawn Location: 5:00

Massa - Winner!

  • Race: Terran Terran
  • League: Platinum
  • Spawn Location: 12:00

qqq - Winner!

  • Race: Zerg Zerg
  • Spawn Location: 11:00

VOD

Have the link to the VOD?

Description

Time

  • Played on: Oct. 3, 2020, 5:55 p.m.
  • Length: 14:18
Show
View Real Time Build Order
Export as new Build Order

Alec Protoss 

Build Orders:  

Get SALT Encoding   

  12  0:00  Probe  
  13  0:17  Pylon  
  13  0:26  Probe (Chrono Boost)  
  15  0:36  Gateway  
  15  0:37  Probe (Chrono Boost)  
  15  0:42  Probe (Chrono Boost)  
  15  0:46  Assimilator  
  16  0:52  Probe  
  17  1:04  Probe  
  18  1:16  Probe, Assimilator  
  19  1:24  Cybernetics Core  
  19  1:31  Pylon  
  19  1:32  Zealot  
  21  1:34  Pylon  
  21  1:37  Probe (Chrono Boost)  
  23  1:48  Probe (Chrono Boost)  
  23  1:54  Probe (Chrono Boost)  
  24  2:06  Stargate  
  24  2:21  Cybernetics Core  
  24  2:22  Forge  
  24  2:26  Pylon  
  24  2:29  Stalker  
  26  2:44  Void Ray  
  30  3:21  Void Ray  
  34  3:54  Nexus  
  34  3:57  Probe (Chrono Boost)  
  34  3:58  Void Ray, Assimilator  
  34  4:02  Assimilator  
  35  4:09  Probe (Chrono Boost)  
  40  4:16  Probe (Chrono Boost)  
  41  4:31  Nexus  
  41  4:36  Void Ray  
  41  4:38  Probe  
  46  4:50  Probe (Chrono Boost)  
  47  5:03  Stargate  
  47  5:04  Stargate  
  47  5:09  Pylon  
  47  5:12  Pylon  
  47  5:27  Probe  
  48  5:34  Void Ray  
  48  5:39  Probe  
  51  5:51  Probe  
  51  5:52  Void Ray (Chrono Boost)  
  42  6:03  Probe  
  42  6:15  Probe  
  42  6:17  Void Ray (Chrono Boost)  
  33  6:30  Zealot  
  33  6:32  Void Ray (Chrono Boost)  
  43  6:54  Void Ray  
  47  7:33  Void Ray  
  47  8:19  Void Ray  
  47  8:20  Void Ray  
  47  8:26  Nexus  
  55  8:30  Assimilator  
  55  8:41  Probe (Chrono Boost)  
  56  8:52  Probe (Chrono Boost)  
  57  8:56  Probe (Chrono Boost)  
  57  9:01  Protoss Air Weapons Level 1 (Chrono Boost)  
  58  9:13  Probe (Chrono Boost)  
  60  9:24  Probe (Chrono Boost)  
  60  9:29  Probe (Chrono Boost), Protoss Air Armor Level 1 (Chrono Boost)  
  61  9:32  Void Ray  
  65  9:40  Probe  
  65  9:43  Pylon  
  65  9:45  Pylon  
  66  9:52  Void Ray  
  70  10:01  Probe  
  70  10:04  Probe  
  70  10:20  Probe x2  
  72  10:23  Phoenix  
  62  10:51  Void Ray x3 (Chrono Boost)  
  54  11:26  Phoenix x3 (Chrono Boost)  
  60  11:48  Phoenix  
  60  11:49  Phoenix x2  
  66  12:16  Fleet Beacon  
  66  12:21  Void Ray  
  58  13:05  Anion Pulse-Crystals  
  58  13:10  Void Ray x2  
  66  13:21  Nexus  
  66  13:23  Assimilator  
  66  13:27  Assimilator  
  70  13:53  Probe  
  70  13:55  Probe  
  70  14:05  Probe  
Show
View Real Time Build Order
Export as new Build Order

Sonozaki Terran 

Build Orders: 2 Factory, Mech 

Get SALT Encoding   

  12  0:01  SCV  
  13  0:20  SCV  
  13  0:21  Supply Depot  
  14  0:28  Refinery  
  14  0:44  Barracks  
  14  0:47  SCV  
  15  0:57  Supply Depot  
  15  1:07  Supply Depot  
  15  1:10  SCV  
  16  1:20  Refinery  
  16  1:28  SCV  
  16  1:32  Marine  
  18  1:46  SCV  
  19  1:51  Factory  
  19  1:56  Marine  
  20  2:04  SCV  
  21  2:14  Marine  
  22  2:16  SCV  
  23  2:25  Factory  
  23  2:30  SCV  
  23  2:34  Marine  
  25  2:38  Factory Tech Lab  
  25  2:43  SCV  
  26  2:52  Marine  
  30  2:58  Siege Tank  
  30  3:10  Marine  
  31  3:13  Factory Tech Lab  
  31  3:19  Factory  
  31  3:29  Orbital Command  
  31  3:31  Marine  
  32  3:59  Siege Tank x2  
  38  4:05  Factory Tech Lab  
  38  4:13  Marine  
  39  4:29  Siege Tank  
  39  4:31  Siege Tank  
  38  5:12  Command Center  
  38  5:13  Refinery  
  38  5:19  Marine  
  39  5:22  Refinery  
  39  5:25  Supply Depot  
  39  5:28  Supply Depot  
  39  5:32  Supply Depot  
  37  5:36  Siege Tank  
  36  5:48  Siege Tank  
  28  5:58  Siege Tank  
  26  6:16  Siege Tank  
  29  6:33  Siege Tank  
  32  6:42  Siege Tank  
  35  7:12  Siege Tank  
  38  7:51  Cyclone  
  38  7:52  Cyclone  
  38  7:54  Marine  
  45  8:03  Cyclone  
  48  8:38  Command Center  
  48  8:48  Refinery, Cyclone  
  51  9:02  Cyclone  
  54  9:03  Cyclone  
  54  9:09  Marine  
  58  9:18  Armory  
  58  9:29  SCV  
  59  9:42  SCV  
  60  9:46  Supply Depot  
  60  9:51  Supply Depot  
  60  9:54  SCV  
  60  9:57  Supply Depot  
  61  10:06  SCV  
  62  10:18  SCV  
  62  10:20  Orbital Command  
  63  10:22  Marine  
  64  10:31  Cyclone  
  67  10:44  Cyclone  
  70  10:56  Cyclone  
  73  11:15  Marine  
  74  11:20  Cyclone  
  74  11:21  Cyclone  
  80  11:26  Terran Vehicle And Ship Armor Level 1  
  77  12:12  Marine  
  78  12:18  Cyclone x3  
  87  12:50  Cyclone x3  
  90  13:22  Cyclone x2  
Show
View Real Time Build Order
Export as new Build Order

Massa Terran - Winner!

Build Orders: Liberator Opening 

Get SALT Encoding   

  12  0:00  SCV  
  13  0:12  SCV  
  14  0:18  Supply Depot  
  14  0:24  SCV  
  15  0:40  SCV  
  15  0:42  Barracks  
  16  0:50  Refinery  
  16  0:52  SCV  
  17  1:04  SCV  
  17  1:08  Barracks  
  18  1:16  SCV  
  19  1:28  SCV  
  19  1:29  Marine  
  19  1:31  Supply Depot  
  21  1:41  Orbital Command  
  21  1:46  Marine  
  22  1:53  Supply Depot  
  22  2:01  Barracks  
  22  2:07  Marine  
  23  2:09  Marine  
  24  2:21  Supply Depot  
  24  2:24  Marine  
  24  2:26  Marine  
  26  2:33  Factory  
  26  2:42  Marine  
  27  2:44  Marine  
  27  2:50  Marine  
  29  3:00  Marine  
  29  3:02  Marine  
  31  3:07  SCV  
  31  3:08  Marine  
  33  3:18  Marine  
  34  3:20  Marine  
  34  3:23  Starport  
  34  3:26  Engineering Bay, Marine  
  36  3:29  Hellion  
  38  3:36  Marine  
  39  3:44  Marine x2  
  41  3:50  Hellion  
  41  3:53  Marine  
  44  3:59  Liberator  
  47  4:08  Supply Depot  
  47  4:10  Supply Depot  
  47  4:15  Supply Depot  
  47  4:30  Marine x3  
  50  4:32  Factory Tech Lab  
  50  4:42  Medivac  
  50  4:47  Marine  
  50  5:09  SCV  
  51  5:15  Missile Turret  
  51  5:20  Missile Turret  
  52  5:21  SCV, Command Center  
  52  5:33  SCV  
  38  6:28  Barracks Tech Lab  
  38  6:29  Marine x2  
  40  6:37  Orbital Command  
  40  6:39  SCV  
  41  6:44  Missile Turret  
  41  6:46  Marine  
  42  6:51  SCV  
  42  6:53  Marauder  
  46  6:57  Barracks Reactor  
  45  7:02  Siege Tank  
  45  7:03  SCV  
  45  7:04  Marine  
  50  7:14  Refinery, Marauder  
  50  7:15  SCV  
  53  7:17  SCV  
  53  7:22  Marine  
  55  7:25  Missile Turret  
  55  7:27  SCV  
  55  7:28  Missile Turret  
  57  7:30  Refinery, SCV, Missile Turret  
  57  7:34  Siege Tank  
  57  7:35  Marauder  
  62  7:39  SCV  
  62  7:41  Liberator  
  62  7:42  SCV  
  67  7:51  SCV  
  67  7:54  SCV  
  54  8:14  Command Center  
  54  8:23  Cyclone  
  54  8:24  Barracks Reactor  
  57  8:36  Barracks  
  57  8:39  Barracks  
  57  8:41  Missile Turret  
  57  8:43  Refinery  
  57  8:50  Barracks  
  57  8:51  Starport Reactor  
  57  8:55  Cyclone  
  60  9:01  Marauder, Marine  
  60  9:02  Marine x3  
  66  9:11  Terran Infantry Weapons Level 1  
  66  9:16  Armory  
  66  9:19  Marine  
  66  9:20  Marine x3  
  66  9:22  Marauder, Stimpack  
  72  9:26  Barracks Tech Lab  
  72  9:30  Barracks Reactor  
  72  9:37  Barracks Tech Lab, Marine  
  73  9:44  Marauder  
  75  9:48  Missile Turret  
  75  9:50  Engineering Bay  
  75  9:53  Supply Depot  
  75  9:57  Supply Depot  
  75  9:59  Supply Depot  
  75  10:05  Marauder  
  77  10:08  SCV  
  77  10:09  SCV  
  79  10:20  SCV  
  80  10:22  Marauder x2  
  80  10:26  Cyclone  
  80  10:27  Marauder  
  89  10:33  Orbital Command  
  89  10:35  SCV x2  
  91  10:44  Marauder  
  91  10:46  Missile Turret  
  91  10:47  SCV x2  
  95  10:50  Missile Turret  
  95  10:59  SCV x2  
  95  11:00  SCV, Missile Turret  
  98  11:06  Missile Turret  
  98  11:11  SCV x2, Marauder x2, Marine x3  
  101  11:12  Marauder, Marine  
  101  11:13  SCV  
  111  11:24  Command Center  
  111  11:48  SCV x3  
  111  11:51  Refinery  
  111  11:53  Refinery  
  114  12:00  SCV x3  
  114  12:01  Marauder x2, Marine x2  
  119  12:02  Marauder  
  125  12:09  Supply Depot x2  
  125  12:11  Supply Depot  
  125  12:13  Supply Depot  
  125  12:15  Supply Depot  
  125  12:19  Combat Shield  
  125  12:22  Concussive Shells  
  125  12:30  SCV x2, Liberator x2  
  125  12:31  SCV, Marauder, Marine  
  137  12:42  SCV x2, Armory  
  137  12:43  SCV  
  140  12:55  SCV  
  135  13:10  Marauder x2, Marine x3  
  135  13:11  Marauder, Marine x3  
  147  13:13  Liberator x2  
  147  13:18  Orbital Command  
  153  13:20  SCV x3  
  153  13:24  Refinery  
  153  13:25  Refinery  
  156  13:32  SCV x3, Marauder x3  
  151  13:44  SCV x2  
  153  13:53  Marauder  
Show
View Real Time Build Order
Export as new Build Order

qqq Zerg - Winner!

Build Orders: Hatch First 

Get SALT Encoding   

  12  0:00  Drone  
  13  0:10  Drone  
  14  0:40  Hatchery  
  13  0:45  Drone  
  14  0:56  Spawning Pool  
  13  1:04  Overlord  
  13  1:08  Drone  
  14  1:16  Extractor  
  14  1:18  Drone  
  14  1:23  Drone  
  15  1:29  Drone  
  16  1:41  Drone  
  16  1:45  Queen  
  19  1:50  Drone  
  19  1:52  Drone  
  21  1:58  Zergling x2  
  22  2:04  Zergling x2  
  23  2:09  Zergling x2  
  23  2:15  Queen  
  24  2:16  Drone  
  24  2:20  Metabolic Boost  
  27  2:25  Drone  
  28  2:30  Overlord  
  28  2:37  Overlord  
  28  2:48  Overlord  
  28  2:50  Zergling x4  
  30  2:52  Zergling x2  
  31  2:59  Zergling x4  
  31  3:02  Drone  
  34  3:09  Zergling x4  
  34  3:12  Drone  
  37  3:22  Drone  
  37  3:23  Zergling x2  
  38  3:36  Zergling x2  
  38  3:40  Drone x2  
  41  3:56  Zergling x8  
  41  3:57  Drone x2  
  41  3:58  Drone  
  48  4:10  Zergling x2  
  48  4:15  Hatchery  
  44  4:24  Zergling x6  
  44  4:25  Drone x4  
  45  4:33  Zergling x2  
  45  4:34  Zergling x2  
  47  4:44  Zergling x8  
  47  4:45  Zergling x2  
  51  4:59  Drone  
  52  5:00  Overlord  
  52  5:01  Overlord x2  
  52  5:07  Lair  
  52  5:21  Hatchery  
  43  5:51  Zergling x4  
  43  5:52  Zergling x8  
  43  5:53  Drone x3, Zergling x8  
  43  5:54  Zergling x2  
  56  6:05  Zergling x2  
  56  6:07  Drone x2, Zergling x2  
  60  6:17  Spire  
  59  6:29  Zergling x2  
  59  6:30  Drone x2, Zergling x4  
  59  6:31  Drone x3  
  67  6:37  Drone  
  67  6:39  Extractor  
  67  6:41  Extractor  
  67  6:42  Extractor  
  67  6:43  Queen  
  67  6:44  Drone x2  
  67  6:45  Queen  
  71  6:49  Queen  
  71  6:51  Drone x5  
  71  6:52  Drone x4  
  78  7:07  Zergling x2  
  79  7:18  Queen  
  79  7:21  Queen  
  79  7:22  Drone x3  
  86  7:23  Drone  
  86  7:26  Overlord x5  
  87  7:30  Hatchery  
  87  7:31  Zerg Flyer Weapons Level 1  
  87  7:33  Mutalisk  
  87  7:34  Hatchery  
  87  7:45  Mutalisk x3  
  87  7:46  Mutalisk  
  87  7:48  Corruptor  
  97  8:07  Mutalisk  
  97  8:09  Zergling x2  
  97  8:10  Drone  
  97  8:11  Drone x5  
  97  8:12  Drone  
  107  8:17  Extractor x2  
  107  8:18  Drone x2  
  107  8:30  Mutalisk x3  
  107  8:33  Drone x4  
  117  8:45  Infestation Pit  
  117  8:47  Drone  
  117  8:48  Drone x3  
  120  9:04  Mutalisk x3  
  120  9:07  Hatchery  
  120  9:08  Hatchery  
  120  9:09  Zergling x2  
  126  9:10  Zergling x8  
  126  9:11  Drone x2  
  131  9:22  Overlord  
  131  9:23  Overlord x5  
  131  9:27  Spore Crawler  
  131  9:28  Drone x2, Spore Crawler  
  131  9:31  Extractor  
  130  9:34  Drone  
  130  9:36  Overlord x4  
  131  9:41  Zerg Flyer Armor Level 1  
  131  9:43  Hive  
  131  9:44  Drone  
  131  9:45  Drone  
  133  9:46  Drone  
  133  9:47  Mutalisk  
  133  9:50  Mutalisk  
  138  9:57  Corruptor x2  
  138  9:59  Drone  
  143  10:00  Drone x2  
  143  10:02  Drone x2  
  147  10:09  Corruptor x2  
  151  10:17  Drone  
  151  10:18  Drone x5  
  151  10:19  Drone  
  151  10:20  Corruptor  
  160  10:22  Mutalisk  
  162  10:33  Nydus Network  
  161  10:40  Drone x5  
  160  10:49  Mutalisk x3  
  148  10:50  Mutalisk  
  148  10:52  Zergling x4  
  148  10:53  Drone x2, Zergling x2  
  148  10:54  Drone x4  
  161  11:10  Mutalisk x2, Corruptor  
  161  11:11  Mutalisk  
  167  11:24  Drone x4  
  167  11:25  Drone x2  
  173  11:28  Extractor  
  173  11:31  Drone  
  173  11:32  Extractor, Drone x2  
  174  11:33  Drone  
  174  11:35  Zerg Flyer Weapons Level 2  
  175  11:41  Nydus Canal  
  175  11:47  Drone x5  
  175  11:48  Drone x8  
  175  11:49  Drone x5  
  193  12:07  Spore Crawler x2  
  193  12:08  Spore Crawler  
  186  12:13  Nydus Canal  
  186  12:14  Drone x4  
  186  12:15  Drone x3  
  193  12:17  Extractor  
  193  12:19  Extractor  
  191  12:25  Viper x3  
  200  12:41  Extractor  
  193  12:53  Mutalisk x5  
  193  12:54  Corruptor x2  
  193  12:55  Corruptor x2  
  193  12:56  Corruptor  
  195  13:01  Spore Crawler  
  195  13:02  Spore Crawler  
  195  13:03  Spore Crawler  
  195  13:04  Spore Crawler  
  195  13:05  Spore Crawler  
  178  13:10  Mutalisk x5  
  178  13:11  Mutalisk  
  190  13:21  Extractor  
  190  13:22  Drone  
  190  13:23  Drone x2  
  190  13:25  Drone x3  
  195  13:29  Extractor  
  194  13:43  Mutalisk, Corruptor  
  194  13:44  Mutalisk  
Tags
 
Add a new tag
Caveats
  • Supply blocks, unpowered buildings, or Contaminate may cause inaccurate times.
  • Supply counts are checked every 10 seconds.